 Dungeon Crawl Stone Soup version 0.25-a0-460-g4f2eb97ec1 (webtiles) character file.

Game seed: 3037853213379370743, levelgen mode: deterministic

6216 Epan the Geomancer (level 10, -4/53 HPs)
             Began as a Gargoyle Earth Elementalist on Feb 3, 2020.
             Slain by Laze's ghost (7 damage)
             ... on level 8 of the Dungeon.
             The game lasted 00:24:24 (7458 turns).

Epan the Geomancer (Gargoyle Earth Elementalist)    Turns: 7458, Time: 00:24:25

Health: -4/53      AC: 17    Str: 14    XL:     10   Next: 92%
Magic:  0/22       EV: 12    Int: 21    God:
Gold:   990        SH:  0    Dex: 11    Spells: 15/26 levels left

rFire    + . .     SeeInvis .   o - +2 whip (elec)
rCold    + . .     Gourm    .   (no shield)
rNeg     + + .     Faith    .   t - +0 leather armour of Chimes {Int+2 Stlth+} (curse)
rPois    ∞         Spirit   .   (no helmet)
rElec    +         Reflect  .   q - +2 ratskin cloak {+Rats rPois rN+ Str-1 Int-1 Dex+1}
rCorr    .         Harm     .   (no gloves)
MR       ++...     Clarity  +   s - +1 pair of boots of Vyoruc {rC+ Int+2}
Stlth    +++.......             m - amulet of magic regeneration
HPRegen  0.00/turn              n - ring of protection from magic
MPRegen  0.43/turn              r - ring of protection from fire

@: no status effects
A: thin metallic scales 1, clarity, magic resistance 1, negative energy
resistance 1, electricity resistance, inhibited regeneration, strong 1,
unbreathing, petrification resistance, rot immunity, AC +7
a: Evoke Ratskin


You were on level 8 of the Dungeon.
You were near starving.

You visited 1 branch of the dungeon, and saw 8 of its levels.
You also visited: Bailey.

You collected 2462 gold pieces.
You spent 1472 gold pieces at shops.

Inventory:

Hand Weapons
 i - a +2 dagger of venom
 k - a +0 flail
 o - a +2 whip of electrocution (weapon)
Missiles
 b - 207 stones (quivered)
 c - 2 throwing nets
Armour
 q - the +2 ratskin cloak (worn) {+Rats rPois rN+ Str-1 Int-1 Dex+1}
   (You found it on level 7 of the Dungeon)

   It affects your strength (-1).
   It affects your intelligence (-1).
   It affects your dexterity (+1).
   It protects you from poison.
   It protects you from negative energy.
   If you remove this armour, your AC will fall 3 points (17 -> 14)
 s - the +1 pair of boots of Vyoruc (worn) {rC+ Int+2}
   (You bought it in a shop on level 4 of the Dungeon)

   It affects your intelligence (+2).
   It protects you from cold.
   If you remove this armour, your AC will fall 2 points (17 -> 15)
 t - the cursed +0 leather armour of Chimes (worn) {Int+2 Stlth+}
   (You bought it in a shop on level 4 of the Dungeon)

   It affects your intelligence (+2).
   It makes you more stealthy.
   If you remove this armour, your AC will fall 3 points (17 -> 14) It has a
   curse placed upon it.
Jewellery
 g - an uncursed ring of ice
 j - an uncursed ring of flight
 m - an amulet of magic regeneration (around neck)
 n - a ring of protection from magic (left hand)
 r - a ring of protection from fire (right hand)
Scrolls
 a - 4 scrolls of identify
 e - 5 scrolls of remove curse
 f - a scroll of blinking
 x - a scroll of magic mapping
Potions
 l - 2 potions of agility
 p - 2 potions of magic
 u - 2 potions of berserk rage
 v - 2 potions of brilliance
 w - a potion of flight
 A - a potion of might
 C - a potion of haste
Miscellaneous
 z - a lightning rod (3/4)
Comestibles
 d - 16 rations


   Skills:
 + Level 1.7 Fighting
 + Level 1.4 Maces & Flails
 + Level 1.4 Armour
 + Level 2.1 Dodging
 - Level 2.1 Stealth
 + Level 8.6 Spellcasting
 + Level 9.6 Conjurations
 - Level 0.7 Transmutations
 + Level 11.3 Earth Magic
 + Level 1.1 Evocations


You had 15 spell levels left.
You knew the following spells:

 Your Spells              Type           Power        Failure   Level  Hunger
a - Sandblast             Erth           ######       1%          1    None
b - Stone Arrow           Conj/Erth      ######       1%          3    None
c - Lee's Rapid Deconstr  Erth           ######....   2%          5    #####..
d - Passwall              Tmut/Erth      ####....     1%          2    None

Your spell library contained the following spells:

 Spells                   Type           Power        Failure   Level  Hunger
 Dazzling Flash           Conj/Hex       ####..       3%          3    None
 Petrify                  Tmut/Erth      ####....     8%          4    ###....
 Corona                   Hex            #......      9%          1    None
 Ensorcelled Hibernation  Hex/Ice        #.....       14%         2    None
 Confusing Touch          Hex            #.......     26%         3    None
 Tukima's Dance           Hex            #.......     26%         3    None


Dungeon Overview and Level Annotations

Branches:
Dungeon (8/15)             Temple (0/1) D:7            Lair (0/6) D:8
 Bailey (visited)

Altars:
Dithmenos
Gozag
Hepliaklqana
Ru
Sif Muna
Trog
Xom
Zin
Beogh

Shops:
D:4 [   D:6 [*   D:8 (

Annotations:
D:8 Laze's ghost, novice GnWr


Innate Abilities, Weirdness & Mutations

You are resistant to torment.
Your stone body is resilient. (AC +7)
You are immune to poison.
You resist negative energy. (rN+)
You are resistant to electric shocks. (rElec)
You can survive without breathing.
You are immune to petrification.
You are immune to rotting.
You are partially covered in thin metallic scales. (AC +2)
You possess an exceptional clarity of mind.
You are resistant to hostile enchantments. (MR+)
You do not regenerate when monsters are visible.
Your muscles are strong. (Str +2)


Message History

The blast of rock fragments hits the orc warrior!!
The orc warrior is almost dead.
The blast of rock fragments hits Laze's ghost.
Laze's ghost is almost destroyed.
Laze's ghost hits you but does no damage.
Casting: Lee's Rapid Deconstruction (safe; 2% risk of failure)
Confirm with . or Enter, or press ? or * to list all spells.
Aiming: Lee's Rapid Deconstruction (safe; 2% risk of failure)
Press: ? - help, Dir - move target cursor A translucent stone wall.
The wall shatters!
The blast of rock fragments hits the orc priest!
You kill the orc priest!
The blast of rock fragments hits the orc warrior but does no damage.
The orc warrior is almost dead.
The blast of rock fragments hits Laze's ghost but does no damage.
Laze's ghost is almost destroyed.
You are near starving!
Laze's ghost hits you!
You die...

......# #........# ......#
#........# ......#####
#........# .....[..<.#
#....####### #.........#
#....####_.# #.........##
#....#.....# #..........##
#....###..###
#...........#######....#.....⌠#
#...8........)oW@.8....###..###
#...######'')######....#_.....#
....#.......))....#....###..###
....#....#####....#....##....8#
....#.###.....###.#....###..###
....#.#8#..8..#8#.#....##....#
....#.............#....##8..8#
....#8....._[)...8#.........##
....###############........##


You could see an orc warrior and Laze's ghost.

Vanquished Creatures
  A fire dragon (D:7)
  An orc knight (Bailey)
  A manticore (D:7)
  A hornet (D:7)
  A hippogriff (D:7)
  Sigmund (D:2)
  A vampire (D:8)
  4 hogs (D:7)
  A human (D:7)
  Menkaure (D:5)
  A water moccasin (D:7)
  5 orc warriors
  2 sky beasts
  An ice beast (D:7)
  A phantom (D:7)
  2 ogres
  6 bullfrogs
  2 scorpions
  5 killer bees (D:8)
  3 wights (D:8)
  3 howler monkeys
  5 crimson imps
  A quasit (D:6)
  A bullfrog zombie (D:5)
  A bullfrog skeleton (D:5)
  4 orc priests
  A centaur skeleton (D:5)
  A jelly (D:8)
  6 orc wizards
  Jessica (D:3)
  3 iguanas
  4 worker ants
  2 hound skeletons
  A worker ant zombie (D:6)
  10 adders
  3 gnolls (D:7)
  A howler monkey skeleton (D:4)
  4 shadow imps
  2 adder skeletons
  2 adder zombies
  A worm (D:4)
  6 dart slugs
  3 leopard geckos
  52 orcs
  4 giant cockroaches
  4 goblins
  5 hobgoblins
  7 jackals
  2 quokkas (D:3)
  A ball python (D:1)
  6 bats
  7 frilled lizards
  A jackal zombie (D:6)
  8 kobolds
  2 quokka skeletons
  3 rats
209 creatures vanquished.

Notes
Turn   | Place    | Note
-------+----------+-------------------------------------------
     0 | D:1      | Epan the Gargoyle Earth Elementalist began the quest for
                  | the Orb.
     0 | D:1      | Reached XP level 1. HP: 10/10 MP: 3/3
   199 | D:1      | Reached XP level 2. HP: 13/15 MP: 5/5
   209 | D:1      | Reached skill level 4 in Earth Magic
  1095 | D:1      | Reached XP level 3. HP: 16/19 MP: 4/6
  1175 | D:1      | Learned a level 3 spell: Stone Arrow
  1500 | D:2      | Found a shadowy altar of Dithmenos.
  1533 | D:2      | Found a hazy altar of Hepliaklqana.
  1591 | D:2      | Noticed Sigmund
  1598 | D:2      | Killed Sigmund
  1598 | D:2      | Reached skill level 5 in Earth Magic
  1598 | D:2      | Reached XP level 4. HP: 24/24 MP: 0/9
  1598 | D:2      | Reached XP level 5. HP: 28/28 MP: 0/10
  2048 | D:3      | Reached XP level 6. HP: 32/32 MP: 5/11
  2056 | D:3      | Learned a level 5 spell: Lee's Rapid Deconstruction
  2151 | D:3      | Noticed Jessica
  2156 | D:3      | Killed Jessica
  2857 | D:3      | Gained mutation: You are occasionally teleported next to
                  | monsters. [potion of mutation]
  2857 | D:3      | Gained mutation: You have sharp toenails. [potion of
                  | mutation]
  2857 | D:3      | Gained mutation: You are clumsy. (Dex -2) [potion of
                  | mutation]
  2857 | D:3      | Gained mutation: Your muscles are strong. (Str +2) [potion
                  | of mutation]
  2925 | D:4      | Found Molynut's Antique Armour Shoppe.
  2946 | D:4      | Reached skill level 6 in Earth Magic
  2963 | D:4      | Reached XP level 7. HP: 36/36 MP: 2/13
  3018 | D:4      | Found a sacrificial altar of Ru.
  3374 | D:5      | Entered Level 5 of the Dungeon
  3458 | D:5      | Found a shimmering blue altar of Sif Muna.
  3516 | D:5      | Reached skill level 7 in Earth Magic
  3547 | D:5      | Reached skill level 5 in Spellcasting
  3683 | D:5      | Reached XP level 8. HP: 41/41 MP: 15/15
  3717 | D:5      | Reached skill level 5 in Conjurations
  3765 | D:5      | Identified a scroll of acquirement
  3765 | D:5      | Identified the +6 longbow of the Real Monster {flame,
                  | Str+2} (You acquired it on level 5 of the Dungeon)
  3794 | D:5      | Found a bloodstained altar of Trog.
  3894 | D:5      | Noticed Menkaure
  3945 | D:4      | Bought a pair of crude boots for 275 gold pieces
  3945 | D:4      | Bought a pearl-encrusted leather armour for 203 gold pieces
  3955 | D:4      | Identified the +1 pair of boots of Vyoruc {rC+ Int+2} (You
                  | bought it in a shop on level 4 of the Dungeon)
  3966 | D:4      | Identified the cursed +0 leather armour of Chimes {Int+2
                  | Stlth+} (You bought it in a shop on level 4 of the Dungeon)
  4108 | D:5      | Killed Menkaure
  4297 | D:6      | Found Hoid's Antique Armour Emporium.
  4329 | D:6      | Found a glowing silver altar of Zin.
  4527 | D:6      | Found Diujin's General Store.
  4530 | D:6      | Bought a potion of agility for 40 gold pieces
  4530 | D:6      | Bought a potion of berserk rage for 50 gold pieces
  4530 | D:6      | Bought a potion of brilliance for 40 gold pieces
  4530 | D:6      | Bought a potion of ambrosia for 80 gold pieces
  4722 | D:6      | Found Kefac's Distillery.
  4736 | D:6      | Bought a potion of magic for 112 gold pieces
  4736 | D:6      | Bought a potion of agility for 56 gold pieces
  4736 | D:6      | Bought a potion of heal wounds for 70 gold pieces
  4736 | D:6      | Bought a potion of might for 56 gold pieces
  4736 | D:6      | Bought a potion of brilliance for 56 gold pieces
  4736 | D:6      | Bought 2 potions of mutation for 224 gold pieces
  4736 | D:6      | Bought a potion of berserk rage for 70 gold pieces
  4736 | D:6      | Bought a potion of haste for 140 gold pieces
  4744 | D:6      | Lost mutation: You are occasionally teleported next to
                  | monsters. [potion of mutation]
  4744 | D:6      | Lost mutation: You are clumsy. (Dex -2) [potion of
                  | mutation]
  4744 | D:6      | Lost mutation: Your muscles are strong. (Str +2) [potion of
                  | mutation]
  4744 | D:6      | Gained mutation: You do not regenerate when monsters are
                  | visible. [potion of mutation]
  4744 | D:6      | Gained mutation: You possess an exceptional clarity of
                  | mind. [potion of mutation]
  4745 | D:6      | Lost mutation: You possess an exceptional clarity of mind.
                  | [potion of mutation]
  4745 | D:6      | Lost mutation: You have sharp toenails. [potion of
                  | mutation]
  4745 | D:6      | Gained mutation: You possess an exceptional clarity of
                  | mind. [potion of mutation]
  4745 | D:6      | Gained mutation: Your muscles are strong. (Str +2) [potion
                  | of mutation]
  4745 | D:6      | Gained mutation: You are partially covered in thin metallic
                  | scales. (AC +2) [potion of mutation]
  4745 | D:6      | Gained mutation: You are resistant to hostile enchantments.
                  | (MR+) [potion of mutation]
  4819 | D:7      | Found a transporter.
  4822 | D:7      | Noticed a manticore
  4825 | D:7      | Noticed a hornet
  4827 | D:7      | Noticed a fire dragon
  4835 | D:7      | Reached skill level 8 in Earth Magic
  4839 | D:7      | Noticed a hippogriff
  4893 | D:7      | Found a staircase to the Ecumenical Temple.
  4917 | D:7      | Found a transporter.
  4927 | D:7      | Killed a hippogriff
  4927 | D:7      | Reached XP level 9. HP: 24/45 MP: 15/18
  5017 | D:7      | Learned a level 2 spell: Passwall
  5049 | D:7      | Found a flagged portal.
  5105 | Bailey   | Entered a bailey
  5458 | Bailey   | Noticed an orc knight
  5466 | Bailey   | Killed an orc knight
  5466 | Bailey   | Reached skill level 9 in Earth Magic
  5573 | Bailey   | Got a jewelled shield
  5576 | Bailey   | Identified the +4 shield "Yhen" {Str-3 Int+3} (You found it
                  | in a bailey)
  6051 | D:7      | Found the +2 ratskin cloak {+Rats rPois rN+ Str-1 Int-1
                  | Dex+1}
  6174 | D:7      | Reached skill level 10 in Earth Magic
  6175 | D:7      | Reached XP level 10. HP: 50/50 MP: 5/21
  6407 | D:7      | Killed a fire dragon
  6412 | D:7      | Killed a manticore
  6412 | D:7      | Reached skill level 11 in Earth Magic
  6738 | D:8      | Found a staircase to the Lair.
  6873 | D:8      | Found Jiggaug's Weapon Shop.
  6915 | D:8      | Found an opulent altar of Gozag.
  7066 | D:8      | Reached skill level 1 in Fighting
  7131 | D:8      | Reached skill level 1 in Armour
  7132 | D:8      | Reached skill level 1 in Maces & Flails
  7323 | D:8      | Found a shimmering altar of Xom.
  7323 | D:8      | Found a shadowy altar of Dithmenos.
  7374 | D:8      | Reached skill level 1 in Evocations
  7387 | D:8      | Found a runed translucent gate.
  7388 | D:8      | Identified the +7 battleaxe of Traps {vorpal, rF+ rC+
                  | Str+2}
  7388 | D:8      | Noticed Laze's ghost (novice GnWr)
  7390 | D:8      | Found a runed translucent gate.
  7394 | D:8      | Found a runed translucent gate.
  7425 | D:8      | Found a roughly hewn altar of Beogh.
  7458 | D:8      | Slain by Laze's ghost

Levels and vault maps discovered:
D:1:      wheals_arrival_linesprint, layout_basic
D:2:      layout_basic, lemuel_coloured_pillars_altar, first_ration,
          minmay_misc_feat_alley, grunt_dithmenos_smoke_and_mirrors,
          uniq_sigmund
D:3:      layout_basic, uniq_jessica
D:4:      layout_rooms, old_standard_altar, serial_shops, shop
D:5:      cheibrodos_fzero, layout_basic, overflow_temple_1_default,
          kennysheep_little_box, guppyfry_early_lair_pool, uniq_menkaure
D:6:      layout_rooms, zin_academy, serial_shops, kennysheep_mini_moat, shop,
          kennysheep_mini
D:7:      gammafunk_the_bubble [the_bubble_gammafunk_grid], layout_loops_ring,
          minmay_temple_entry_grid, enter_bailey_8, grunt_livestock
D:8:      layout_gridville, grunt_gozag_breadcrumbs, minitemple,
          dpeg_oklobed_lair, biasface_ghost_orc_armoury, serial_shops,
          nicolae_shop_competitors_out_of_business, minmay_three_doors

Skill      XL: |  1  2  3  4  5  6  7  8  9 10 |
---------------+-------------------------------+-----
Earth Magic    | 4 5 6 7 8 10 11 | 11.3
Spellcasting   | 3 4 5 6 7 8 |  8.6
Conjurations   | 2 3 4 6 8 9 |  9.6
Fighting       | 1 |  1.7
Armour         | 1 |  1.4
Dodging        | 2 |  2.1
Maces & Flails | 1 |  1.4
Evocations     | 1 |  1.1
Stealth        | |  2.1
Transmutations | |  0.7

Action                   |  1- 3 |  4- 6 |  7- 9 | 10-12 || total
-------------------------+-------+-------+-------+-------++-------
Melee: Unarmed           |     6 |       |       |       ||     6
       Short sword       |    28 |   102 |       |       ||   130
       Whip              |       |    65 |   225 |    37 ||   327
 Cast: Sandblast         |    12 |    15 |    43 |    11 ||    81
       Lee's Rapid Decon |       |     2 |    17 |    23 ||    42
       Stone Arrow       |       |     1 |       |     4 ||     5
       Passwall          |       |       |     2 |       ||     2
 Abil: Evoke Ratskin     |       |       |       |     1 ||     1
Evoke: Wand              |       |       |     4 |     5 ||     9
       Lightning rod     |       |       |       |     2 ||     2
  Use: Scroll            |     5 |     3 |    11 |     2 ||    21
       Potion            |     1 |     3 |     3 |     4 ||    11
 Stab: Sleeping          |     5 |     3 |     5 |     2 ||    15
  Eat: Chunk             |     2 |     5 |     9 |     8 ||    24
       Ration            |       |       |     2 |       ||     2
Armor: Robe              |    12 |    66 |    61 |       ||   139
       Leather armour    |       |       |    61 |    35 ||    96
Dodge: Dodged            |    16 |   105 |   160 |    28 ||   309

Table legend:
 A = Non-vault XP
 B = Vault XP
 C = Vault XP percentage of total XP
 D = Non-vault monster count
 E = Vault monster count
 F = Vault count percentage of total count
                 A         B        C        D         E       F
            +---------+---------+-------+---------+---------+-------
      Total |    3653 |    5228 |  58.9 |     151 |      58 |  27.8
            +---------+---------+-------+---------+---------+-------
        D:1 |      34 |       0 |   0.0 |      14 |       0 |   0.0
        D:2 |      12 |     238 |  95.2 |       7 |       1 |  12.5
        D:3 |     137 |      37 |  21.3 |      33 |       1 |   2.9
        D:4 |     362 |       0 |   0.0 |      19 |       0 |   0.0
        D:5 |     256 |     427 |  62.5 |      17 |      13 |  43.3
        D:6 |     249 |       0 |   0.0 |       8 |       0 |   0.0
        D:7 |    1190 |    3204 |  72.9 |      24 |      15 |  38.5
        D:8 |    1413 |     227 |  13.8 |      29 |      10 |  25.6
     Bailey |       0 |    1095 | 100.0 |       0 |      18 | 100.0
            +---------+---------+-------+---------+---------+-------
